 Dungeon Crawl Stone Soup version 0.26-a0-812-g31a745ddcd (webtiles) character file.

Game seed: 6442820345511695089

3661 Apogee the Basher (level 10, -8/81 (82) HPs)
             Began as a Human Berserker on Dec 2, 2020.
             Was an Elder of Trog.
             Mangled by an ice beast (13 damage)
             ... on level 7 of the Dungeon.
             The game lasted 00:11:08 (11140 turns).

Apogee the Basher (Human Berserker)                Turns: 11140, Time: 00:11:09

HP:   -8/81 (82)    AC:  9    Str: 20    XL:     10   Next: 34%
MP:   10/10         EV:  8    Int:  8    God:    Trog [****..]
Gold: 246           SH:  0    Dex: 13    Spells: 9/9 levels left

rFire    . . .     SeeInvis .   a - +0 mace
rCold    . . .     Faith    .   (no shield)
rNeg     . . .     Spirit   .   n - +0 chain mail
rPois    .         Reflect  .   (no helmet)
rElec    .         Harm     .   (no cloak)
rCorr    .         Rampage  .   (no gloves)
MR       .....                  (no boots)
Stlth    ..........             (no amulet)
HPRegen  0.23/turn              (no ring)
MPRegen  0.12/turn              (no ring)

@: berserk cooldown, slowed, very slow
A: no striking features
a: Berserk, Trog's Hand, Brothers in Arms, Renounce Religion


You were on level 7 of the Dungeon.
You worshipped Trog.
Trog was greatly pleased with you.
You visited 1 branch of the dungeon, and saw 8 of its levels.
You also visited: Sewer.

You collected 501 gold pieces.
You spent 255 gold pieces at shops.

Inventory:

Hand Weapons
 a - a +0 mace (weapon)
 H - a +0 giant club
   (You took it off an ogre on level 8 of the Dungeon)
Armour
 n - a +0 chain mail (worn)
   (You found it on level 5 of the Dungeon)
 y - a +0 scale mail
   (You found it on level 4 of the Dungeon)
Jewellery
 e - an uncursed amulet of magic regeneration
   (You took it off a goblin on level 2 of the Dungeon)
 v - a cursed ring of protection from cold {unknown}
   (You found it on level 4 of the Dungeon)
 F - an uncursed ring of ice {unknown}
   (You found it on level 7 of the Dungeon)
 G - a cursed -4 ring of protection {unknown}
   (You found it on level 7 of the Dungeon)
Wands
 d - a wand of iceblast (11)
   (You found it on level 3 of the Dungeon)
 t - a wand of flame (22)
   (You found it on level 3 of the Dungeon)
 u - a wand of paralysis (6)
   (You found it on level 6 of the Dungeon)
Scrolls
 b - 2 scrolls of noise {unknown}
 f - 7 scrolls of teleportation {@r4}
 i - 4 scrolls of magic mapping
 j - 14 scrolls of identify {@r1}
 o - 7 scrolls of remove curse {@r2}
 s - 2 scrolls of immolation {unknown}
 w - 2 scrolls of fear {unknown}
 A - a scroll of enchant armour {unknown}
 B - a scroll of holy word {unknown}
 C - 3 scrolls of fog {unknown}
Potions
 c - 5 potions of brilliance {unknown}
 g - a potion of berserk rage {unknown}
 h - 3 potions of attraction {unknown}
 k - 3 potions of heal wounds {@q2}
 l - a potion of cancellation {unknown}
 m - 3 potions of mutation {unknown}
 p - 5 potions of curing {@q1}
 q - 7 potions of flight {unknown}
 r - a potion of magic {unknown}
 x - 2 potions of ambrosia {unknown}
 z - 2 potions of might {unknown}
 D - 4 potions of degeneration {!q}
 E - 2 potions of lignification {unknown}


   Skills:
 + Level 8.6 Fighting
 + Level 11.3 Maces & Flails
 + Level 4.4 Armour
 - Level 2.0 Dodging


You had 9 spell levels left.
You didn't know any spells.
Your spell library was empty.

Dungeon Overview and Level Annotations

Branches:
Dungeon (8/15)             Temple (0/1) D:6           Sewer (visited)
   Lair: D:8-11

Altars:
Okawaru
Trog
Vehumet
Xom
Zin
The Shining One

Shops:
D:4 *   D:5 ?   D:6 }}:!(

Portals:
Abyss: D:4

Annotations:
D:4 2 transporters, Joseph's ghost, amateur DrAE
D:8 Gastronok


Message History

Your chain mail prevents you from hitting the sky beast.
The sky beast hits you. The sky beast shocks you.
You hit the sky beast. The sky beast barely misses you.
You closely miss the sky beast.
The sky beast hits you but does no damage.
You sock the sky beast!
The sky beast hits you but does no damage.
You thump the sky beast!
You kill the sky beast!
Trog accepts your kill.
No target in view!
Gastronok the Ponderous comes into view.
He is wearing a +2 hat of see invisible.
Found a stone staircase leading up.
You start resting.
Gastronok gurgles horribly!
You hear a shout!
An ice beast comes into view.
Gastronok waves his eye-stalks in wide circles.
The air twists around and strikes you!!
A red film seems to cover your vision as you go berserk!
You feel yourself moving faster!
You feel mighty!
You feel a strong urge to attack something.
An orc comes into view. It is wielding a +0 mace.
You sock Gastronok!
You hear a shout!
Gastronok waves his eye-stalks in wide circles.
The air twists around and strikes you!
You hear a shout!
You hit Gastronok. You hit Gastronok.
An ogre comes into view. It is wielding a +0 giant club.
You hit Gastronok.
Gastronok sloshes about.
Gastronok bites you!!
* * * LOW HITPOINT WARNING * * *
Things that are here:
a +0 dagger; a hound corpse You feel a strong urge to attack something.
There is a stone staircase leading up, spattered with blood here.
Gastronok waves his eye-stalks in wide circles.
The air twists around and strikes you!!
* * * LOW HITPOINT WARNING * * *
You climb upwards.
You feel your anger nearly subside.
You are no longer berserk.
You are exhausted.
You feel yourself slow down.
There is a stone staircase leading down, spattered with blood here.
You hit the ice beast but do no damage. The ice beast hits you.
* * * LOW HITPOINT WARNING * * *
The ice beast freezes you!
You die...

########### #.........# #####
#####.#######.###### ##...#
#######.....# #..†...# .....#
#.....#..##.# #.####.# ##...#
#.###.#..##[# #.# #.# ##.##
#.# #.#.Y...# #.# #.#
#.####)# #.#.[@..# #.# #.#
##.#....###)#.....#######<#
#..
#..............##.........#
###
##.......#...#.#####...##.#
###...........[.# #...##.##
..........#...#[# #.......#
........####.##.## #.......##
#####...##....)..##
#........###
######.###....###.......(..##


You could see an ice beast.

Vanquished Creatures
  Grinder (D:4)
  Sigmund (D:6)
  2 sky beasts
  A black bear (D:7)
  A necrophage (Sewer)
  An eye of draining (D:4)
  An ice beast (D:5)
  5 ogres
  A centaur (D:7)
  A phantom (D:7)
  2 big kobolds
  3 bullfrogs
  A wyvern zombie (D:6)
  2 scorpions (D:7)
  5 wights
  6 howler monkeys
  A bullfrog zombie (D:6)
  9 hounds
  A centaur skeleton (D:4)
  A jelly (D:7)
  2 orc priests (D:6)
  A bullfrog skeleton (D:5)
  2 worker ants
  2 iguanas
  7 orc wizards
  4 big kobold zombies (Sewer)
  A howler monkey zombie (D:8)
  8 gnolls
  10 adders
  3 shadow imps (Sewer)
  A white imp (D:5)
  4 ufetubi
  2 oozes
  6 worms
  An adder zombie (Sewer)
  3 dart slugs
  4 leopard geckos
  17 orcs
  3 bats (D:1)
  A bat zombie (Sewer)
  4 giant cockroaches
  10 goblins
  8 hobgoblins
  7 jackals
  4 quokkas
  5 ball pythons
  11 frilled lizards
  23 kobolds
  3 kobold zombies (Sewer)
  6 rats
209 creatures vanquished.

Vanquished Creatures (collateral kills)
  An orc warrior (D:7)
1 creature vanquished.

Grand Total: 210 creatures vanquished

Notes
Turn   | Place    | Note
-------+----------+-------------------------------------------
     0 | D:1      | Apogee the Human Berserker began the quest for the Orb.
     0 | D:1      | Reached XP level 1. HP: 18/18 MP: 1/1
   322 | D:1      | Reached XP level 2. HP: 17/24 MP: 2/2
   720 | D:1      | Reached XP level 3. HP: 24/29 MP: 3/3
  1484 | D:2      | Reached skill level 4 in Maces & Flails
  1921 | D:2      | Reached ** piety under Trog
  1924 | D:2      | Reached XP level 4. HP: 35/35 MP: 4/4
  1974 | D:2      | Found a glowing silver altar of Zin.
  2021 | D:2      | Found an iron altar of Okawaru.
  2421 | D:3      | Reached XP level 5. HP: 35/42 MP: 5/5
  2730 | D:3      | Found a radiant altar of Vehumet.
  3065 | D:3      | Found a glowing golden altar of the Shining One.
  3431 | D:4      | Noticed an ogre
  3435 | D:4      | Reached skill level 5 in Maces & Flails
  3441 | D:4      | Killed an ogre
  3441 | D:4      | Reached XP level 6. HP: 33/49 MP: 6/6
  3717 | D:4      | Noticed Grinder
  3732 | D:4      | Killed Grinder
  3732 | D:4      | Reached skill level 5 in Fighting
  3732 | D:4      | Reached skill level 6 in Maces & Flails
  3732 | D:4      | Reached XP level 7. HP: 56/56 MP: 7/7
  3955 | D:4      | Found Okyucvoasch's General Store.
  4030 | D:4      | HP: 3/84 [orc wizard/magic dart (10)]
  4033 | D:4      | Reached skill level 7 in Maces & Flails
  4670 | D:4      | Found a transporter.
  4677 | D:4      | Noticed a small abomination
  4680 | D:4      | Found a transporter.
  4727 | D:4      | Found a one-way gate to the infinite horrors of the Abyss.
  4727 | D:4      | Noticed Joseph's ghost (amateur DrAE)
  4792 | D:4      | Found a bloodstained altar of Trog.
  4803 | D:4      | Reached XP level 8. HP: 64/64 MP: 0/8
  4973 | D:5      | Entered Level 5 of the Dungeon
  5244 | D:5      | Reached skill level 8 in Maces & Flails
  5667 | D:5      | Reached *** piety under Trog
  6157 | D:5      | Found Pemud's Magic Scroll Shop.
  6164 | D:5      | Bought a scroll of remove curse for 30 gold pieces
  6164 | D:5      | Bought a scroll of identify for 20 gold pieces
  6164 | D:5      | Bought a scroll of teleportation for 30 gold pieces
  6164 | D:5      | Bought a scroll of magic mapping for 35 gold pieces
  6281 | D:6      | Found a glowing drain.
  6301 | D:6      | Noticed Sigmund
  6332 | D:6      | Killed Sigmund
  6347 | Sewer    | Entered a sewer
  6795 | Sewer    | Reached skill level 9 in Maces & Flails
  6849 | Sewer    | Reached XP level 9. HP: 58/71 MP: 9/9
  6928 | Sewer    | Found an ancient bone altar of Kikubaaqudgha.
  7200 | Sewer    | Reached **** piety under Trog
  7566 | D:6      | Found a staircase to the Ecumenical Temple.
  7585 | D:6      | Found a shimmering altar of Xom.
  7756 | D:6      | Found Tenu Xosuadd's Gadget Shoppe.
  7757 | D:6      | Found Gugha's Distillery.
  7911 | D:6      | Bought 2 potions of degeneration for 28 gold pieces
  7911 | D:6      | Bought a potion of curing for 42 gold pieces
  7911 | D:6      | Bought a potion of heal wounds for 70 gold pieces
  7923 | D:6      | Found Feqo's Weapon Shop.
  8050 | D:6      | Found Pailaig's Book Emporium.
  8093 | D:6      | Reached skill level 10 in Maces & Flails
  8638 | D:6      | Found Pefun's Gadget Shop.
  9429 | D:7      | Reached XP level 10. HP: 34/79 MP: 10/10
  9999 | D:7      | Reached skill level 11 in Maces & Flails
 11044 | D:8      | Noticed Gastronok
 11140 | D:7      | Mangled by an ice beast

Illustrated notes

Levels and vault maps discovered:
D:1:      dpeg_arrival_renting, layout_loops_ring, minmay_lizard_pond
D:2:      layout_loops_ring, zin_academy, okawaru_metal_pillars_1_2
D:3:      layout_rooms, vehumet_crystals, overflow_temple_1_default
D:4:      layout_cave_pools, trog_eyes_of_draining, serial_shops,
          nicolae_shop_behind_doors, gammafunk_ghost_abyssal_escape,
          uniq_grinder, uniq_crazy_yiuf_cottage
D:5:      layout_loops_cross, serial_shops, shop
D:6:      layout_rooms, xom_butterflies, minmay_temple_entry_waves,
          serial_corexii_hall, chequers_hall_statues_y,
          corexii_hall_statues_deadend, cheibrodos_sewer_entry_sluice,
          serial_shops, nicolae_shop_waterfront, shop, nicolae_shop_statue_plus,
          shop, shop, uniq_sigmund
D:7:      layout_loops_ring
D:8:      layout_rooms, serial_shops, shop, shop_statue, shop, fedhas_altar_2,
          uniq_gastronok, uniq_pikel

Skill      XL: |  1  2  3  4  5  6  7  8  9 10 |
---------------+-------------------------------+-----
Maces & Flails | 4 5 6 7 9 10 11 | 11.3
Fighting       | 4 5 6 8 |  8.6
Armour         | 3 4 |  4.4
Dodging        | |  2.0

Action                   |  1- 3 |  4- 6 |  7- 9 | 10-12 || total
-------------------------+-------+-------+-------+-------++-------
Melee: Mace              |   100 |    99 |   520 |   181 ||   900
Invok: Berserk           |     2 |     5 |    14 |     5 ||    26
       Brothers in Arms  |       |       |       |     1 ||     1
 Stab: Sleeping          |     1 |       |       |       ||     1
Armor: Animal skin       |    16 |     2 |       |       ||    18
       Ring mail         |       |    23 |    17 |       ||    40
       Chain mail        |       |       |   228 |   105 ||   333
       Scale mail        |       |       |    13 |       ||    13
Dodge: Dodged            |    83 |    53 |   242 |    76 ||   454

Table legend: (Time is in decaauts)
 A = Elapsed time spent in this place.
 B = Non-inter-level travel time spent in this place.
 C = Inter-level travel time spent in this place.
 D = Time resting spent in this place.
 E = Time spent auto-exploring this place.
 F = Levels seen in this place.
 G = Mean time per level.
                   A        B        C        D        E       F      G
               +--------+--------+--------+--------+--------+-----+--------+
         Total |  11364 |  11000 |    364 |   3009 |   6423 |   9 | 1262.7 |
       Dungeon |  10181 |   9817 |    364 |   2680 |   5831 |   8 | 1272.6 |
         Sewer |   1183 |   1183 |      0 |    329 |    591 |   1 | 1183.0 |
               +--------+--------+--------+--------+--------+-----+--------+

Top non-repeatable levels by time:
     D:7: 2200 daAuts
     D:1: 1475 daAuts
     D:6: 1351 daAuts
     D:3: 1291 daAuts
     D:4: 1277 daAuts
     D:5: 1254 daAuts
   Sewer: 1183 daAuts
     D:2: 1121 daAuts
     D:8: 208 daAuts
